 Dungeon Crawl Stone Soup version 0.31.0-1-g2c135a008e (webtiles) character file.

Game seed: 11432546411820021325

1677 qw the Shooter (level 9, -2/65 HPs)
             Began as a Djinni Hunter on Jan 23, 2024.
             Was a Believer of Okawaru.
             Slain by a wyvern (11 damage)
             ... on level 6 of the Dungeon.
             The game lasted 00:00:20 (4185 turns).

qw the Shooter (Djinni Hunter)                      Turns: 4185, Time: 00:00:20

Health: -2/65      AC:  9    Str: 10    XL:     9   Next: 21%
Gold:   190        EV: 13    Int: 10    God:    Okawaru [**....] SH:  5 Dex: 22

rFire   + + +        h - +0 orcbow
rCold   x . .        (shield currently unavailable)
rNeg    . . .        i - +0 ring mail
rPois   inf          g - +0 helmet
rElec   .            (no cloak)
rCorr   .            d - +2 pair of gloves
SInv    .            (boots unavailable)
Will    .....        b - amulet of reflection
Stlth   +            f - ring of protection from fire
HPRegen 0.30/turn    (no ring)
MPRegen 0.00/turn

%: reflection, infuse magic (-3 HP)
@: flying
A: sickness immunity, fire resistance 2, cold vulnerability 1, float, innate
caster, HP casting, extra vitality 1
a: Renounce Religion, Heroism


You were on level 6 of the Dungeon.
You worshipped Okawaru.
Okawaru was pleased with you.
You visited 2 branches of the dungeon, and saw 7 of its levels.

You collected 190 gold pieces.


Innate Abilities, Weirdness & Mutations

You are immune to sickness and miasma.
You are immune to poison.
Your flesh is very heat resistant. (rF++)
You are vulnerable to cold. (rC-)
You float through the air rather than walking.
You learn spells naturally, not from books.
Your magical power is your life essence.
You have superior vitality. (+4 MHP)


   Skills:
 - Level 5.1 Fighting
 + Level 7.3 Ranged Weapons
 - Level 2.0 Armour
 - Level 5.0 Dodging
 - Level 0.7 Stealth
 - Level 4.0 Invocations


You knew the following spells:

 Your Spells              Type           Power      Damage    Failure   Level
a - Freeze                Ice            0%         1d3       67%         1
b - Scorch                Fire           0%         2d5       82%         2
c - Confusing Touch       Hex            0%         N/A       96%         3
d - Mephitic Cloud        Conj/Alch/Air  0%         N/A       96%         3
Your spell library was empty.

Inventory:

Hand Weapons
 h - a +0 orcbow (weapon)
Armour
 a - a +2 cloak
 d - a +2 pair of gloves (worn)
 g - a +0 helmet (worn)
 i - a +0 ring mail (worn)
Jewellery
 b - an amulet of reflection (around neck)
 c - the ring of the Imp {*Slow rElec rN+ Will+ Int+2}
   (You found it on level 6 of the Dungeon)

   [ring of positive energy]

   Int+2:     It affects your intelligence (+2).
   rElec:     It insulates you from electricity.
   rN+:       It protects you from negative energy.
   Will+:     It increases your willpower.
   *Slow:     It may slow you when you take damage.
 f - a ring of protection from fire (left hand)
Potions
 e - 2 potions of enlightenment
 l - a potion of attraction {unknown}

Dungeon Overview and Level Annotations

Branches:
Dungeon (6/15)             Temple (1/1) D:4

Altars:
Ashenzari
Cheibriados
Dithmenos
Fedhas
Gozag
Hepliaklqana
Nemelex Xobeh
Okawaru
Qazlal
Ru
Uskayaw
Xom
Yredelemnul
Zin
The Shining One

Annotations:
D:5 3 runed translucent doors, qw's ghost, novice DjHu


Message History

You shoot an arrow. The arrow closely misses the orc.
A wyvern comes into view.
You shoot an arrow. The arrow barely misses the orc.
The wyvern hisses angrily.
You shoot an arrow.
The arrow hits the orc but does no damage.
The orc is moderately wounded.
You block the orc's attack.
You shoot an arrow. The arrow hits the orc!
You kill the orc!
Okawaru accepts your kill.
You shoot an arrow.
The arrow hits the wyvern but does no damage.
The wyvern barely misses you. The wyvern bites you! x2
You shoot an arrow. The arrow hits the wyvern.
The wyvern is lightly wounded.
The wyvern bites you! The wyvern closely misses you.
You shoot an arrow. The arrow hits the wyvern.
The wyvern is lightly wounded.
The wyvern closely misses you.
You shoot an arrow. The arrow barely misses the wyvern.
The wyvern bites you!
The wyvern bites you but does no damage.
You shoot an arrow. The arrow closely misses the wyvern.
You block the wyvern's attack. The wyvern barely misses you.
You shoot an arrow. The arrow hits the wyvern.
The wyvern is moderately wounded.
The wyvern bites you but does no damage.
The wyvern bites you!
You shoot an arrow. The arrow closely misses the wyvern.
The wyvern bites you! You block the wyvern's attack.
You shoot an arrow. The arrow hits the wyvern!
The wyvern is heavily wounded.
The wyvern barely misses you.
The wyvern bites you but does no damage.
You shoot an arrow.
The arrow hits the wyvern but does no damage.
The wyvern is heavily wounded.
The wyvern bites you!
You die...

# ......##.# #
........## #
#........# #
#..).....# #
######........# ####
#.............# ....
#........k..%.#
##### #.......@..#
#$..##.##........#.#
55\.$#..#........# #
#!$.# ..#######..#
#####......##...##
......#.##.#..###
.######.##...#####.#
........##.........#
#.#####....#.#######


You could see a wyvern.

Vanquished Creatures
  Sigmund (D:4)
  4 yaks (D:5)
  Menkaure (D:6)
  A centaur (D:5)
  A phantom (D:6)
  A bullfrog (D:6)
  2 bombardier beetles
  4 jellies
  An orc priest (D:5)
  A hound (D:5)
  A sleepcap (D:5)
  Jessica (D:2)
  3 iguanas
  Natasha (D:2)
  7 adders
  A white imp (D:5)
  4 ufetubi
  2 ribbon worms
  5 dart slugs
  6 orcs
  5 ball pythons
  An endoplasm (D:1)
  4 giant cockroaches
  10 goblins
  6 hobgoblins
  4 quokkas
  6 bats
  8 frilled lizards
  2 kobolds (D:4)
  6 rats
100 creatures vanquished.

Notes
Turn   | Place    | Note
-------+----------+-------------------------------------------
     0 | D:1      | qw the Djinni Hunter began the quest for the Orb.
     0 | D:1      | Reached XP level 1. HP: 18/18 MP: 0/0
     0 | D:1      | 0 ||| qw: Version: 0.3-a-136-gdd3b4e8
     0 | D:1      | 0 ||| qw: Game counter: 1070
     0 | D:1      | 0 ||| qw: Melee chars always use a shield: true
     0 | D:1      | 0 ||| qw: God list: Okawaru
     0 | D:1      | 0 ||| qw: Allow faded altars: false
     0 | D:1      | 0 ||| qw: Do Orc after clearing Dungeon:15 true
     0 | D:1      | 0 ||| qw: Do second Lair branch before Depths: true
     0 | D:1      | 0 ||| qw: Lair rune preference: random
     0 | D:1      | 0 ||| qw: Goals: Normal
     0 | D:1      | 0 ||| PLANNING D:1-11
    58 | D:1      | Found a faded altar of an unknown god.
   116 | D:1      | Reached XP level 2. HP: 23/23 MP: 0/0
   175 | D:1      | 175 ||| UPGRADING to +2 pair of gloves.
   282 | D:1      | 282 ||| UPGRADING to +0 ring mail.
   292 | D:1      | 292 ||| DROPPING +0 leather armour.
   416 | D:1      | Reached skill level 1 in Armour
   541 | D:1      | 541 ||| READING scroll labelled UJOFROTAWK.
   542 | D:1      | 542 ||| READING 2 scrolls labelled GUVUSO MUDIULO.
   542 | D:1      | 542 ||| IDENTIFYING sedimented orange potion
   543 | D:1      | 543 ||| READING scroll of identify.
   543 | D:1      | 543 ||| IDENTIFYING fizzy brown potion
   544 | D:1      | 544 ||| READING scroll labelled IFOMYI HEOWIASK.
   544 | D:1      | 544 ||| BRANDING +0 shortbow.
   545 | D:1      | 545 ||| DROPPING scroll of butterflies.
   546 | D:1      | 546 ||| DROPPING potion of magic.
   547 | D:1      | 547 ||| DROPPING potion of ambrosia.
   584 | D:2      | 584 ||| STAIRDANCE
   587 | D:1      | Reached XP level 3. HP: 28/28 MP: 0/0
   587 | D:1      | Learned a level 1 spell: Freeze
   623 | D:2      | Found a sacrificial altar of Ru.
   649 | D:2      | Reached skill level 4 in Ranged Weapons
   723 | D:2      | Reached XP level 4. HP: 31/34 MP: 0/0
   812 | D:2      | Reached skill level 3 in Fighting
   839 | D:2      | Noticed Natasha
   849 | D:2      | Killed Natasha
   910 | D:2      | Noticed Jessica
   915 | D:2      | Killed Jessica
   916 | D:2      | Reached XP level 5. HP: 40/40 MP: 0/0
   916 | D:2      | Learned a level 2 spell: Scorch
  1147 | D:2      | 1147 ||| UPGRADING to +0 helmet.
  1152 | D:2      | 1152 ||| READING scroll labelled QITHIR BIPPA.
  1153 | D:2      | 1153 ||| READING 3 scrolls labelled OSOOCVE EWUWIF.
  1154 | D:2      | 1154 ||| READING scroll labelled AFE FEXERA.
  1155 | D:2      | 1155 ||| DRINKING 2 silvery potions.
  1156 | D:2      | 1156 ||| DROPPING 2 scrolls of blinking.
  1157 | D:2      | 1157 ||| DROPPING potion of brilliance.
  1181 | D:3      | 1181 ||| STAIRDANCE
  1686 | D:3      | 1686 ||| UPGRADING to amulet of reflection.
  1691 | D:3      | 1691 ||| UPGRADING to ring of protection from fire.
  1692 | D:3      | 1692 ||| READING scroll of identify.
  1692 | D:3      | 1692 ||| IDENTIFYING sedimented dark potion
  1819 | D:4      | Found a staircase to the Ecumenical Temple.
  1820 | D:4      | 1820 ||| PLANNING TEMPLE
  1820 | D:4      | 1820 ||| READING scroll labelled POUTHEWIGA.
  1930 | Temple   | Entered the Ecumenical Temple
  1931 | Temple   | 1931 ||| PLANNING OKAWARU WORSHIP
  1944 | Temple   | Became a worshipper of Warmaster Okawaru
  1945 | Temple   | 1945 ||| PLANNING D:1-11
  1977 | D:4      | Reached skill level 5 in Ranged Weapons
  2076 | D:4      | Reached skill level 3 in Dodging
  2076 | D:4      | Reached XP level 6. HP: 46/46 MP: 0/0
  2316 | D:4      | Noticed Sigmund
  2327 | D:4      | 2327 ||| DRINKING cyan potion.
  2328 | D:4      | 2328 ||| DRINKING sedimented inky potion.
  2329 | D:4      | 2329 ||| DRINKING puce potion.
  2330 | D:4      | Killed Sigmund
  2330 | D:4      | Reached * piety under Okawaru
  2331 | D:4      | Reached XP level 7. HP: 53/53 MP: 0/0
  2331 | D:4      | Learned a level 3 spell: Confusing Touch
  2442 | D:4      | 2442 ||| DROPPING +2 pair of gloves of stealth.
  2443 | D:4      | 2443 ||| READING scroll labelled VAXUECH QIZUWK.
  2457 | D:5      | Entered Level 5 of the Dungeon
  2471 | D:5      | Reached skill level 1 in Invocations
  2846 | D:5      | Found a blossoming altar of Fedhas.
  3064 | D:5      | 3064 ||| SWAPPING to +0 orcbow.
  3065 | D:5      | 3065 ||| DROPPING +0 shortbow of flaming.
  3155 | D:5      | Reached XP level 8. HP: 52/58 MP: 0/0
  3262 | D:5      | Found a runed translucent gate.
  3262 | D:5      | Found a runed translucent gate.
  3262 | D:5      | Found an opulent altar of Gozag.
  3262 | D:5      | Found a runed translucent gate.
  3265 | D:5      | Noticed a shadow
  3265 | D:5      | Noticed qw's ghost (novice DjHu)
  3307 | D:5      | Found a basalt altar of Yredelemnul.
  3308 | D:5      | Found a snail-covered altar of Cheibriados.
  3326 | D:5      | Noticed a yak
  3326 | D:5      | Noticed a yak
  3326 | D:5      | Noticed a yak
  3326 | D:5      | Noticed a yak
  3327 | D:5      | 3327 ||| RETREEEEATING.
  3329 | D:5      | 3329 ||| RETREEEEATING.
  3330 | D:5      | 3330 ||| INVOKING Heroism.
  3332 | D:5      | 3332 ||| RETREEEEATING.
  3333 | D:5      | 3333 ||| RETREEEEATING.
  3337 | D:5      | Killed a yak
  3338 | D:5      | Reached skill level 3 in Invocations
  3347 | D:5      | 3347 ||| INVOKING Heroism.
  3350 | D:5      | Killed a yak
  3354 | D:5      | Killed a yak
  3354 | D:5      | Reached ** piety under Okawaru
  3355 | D:5      | Reached skill level 6 in Ranged Weapons
  3363 | D:5      | HP: 11/58 [yak (9)]
  3364 | D:5      | 3364 ||| READING scroll of teleportation.
  3366 | D:5      | Killed a yak
  3800 | D:6      | Noticed Menkaure
  3806 | D:6      | Killed Menkaure
  3807 | D:6      | Reached XP level 9. HP: 20/64 MP: 0/0
  3807 | D:6      | Learned a level 3 spell: Mephitic Cloud
  3901 | D:6      | 3901 ||| FLEEEEING.
  3902 | D:6      | 3902 ||| FLEEEEING.
  3903 | D:6      | 3903 ||| FLEEEEING.
  3904 | D:6      | 3904 ||| STAIRDANCE
  3979 | D:5      | 3979 ||| DROPPING wand of flame (18).
  4035 | D:6      | Reached skill level 7 in Ranged Weapons
  4103 | D:6      | Identified the ring of the Imp {*Slow rElec rN+ Will+
                  | Int+2}
  4145 | D:6      | Found a broken altar of Ashenzari.
  4183 | D:6      | HP: 8/65 [wyvern (9)]
  4185 | D:6      | Slain by a wyvern

Levels and vault maps discovered:
D:1:      zaba_arrival_water, layout_rooms, serial_bayou, serial_bayou_pond_c,
          serial_bayou_shore_b, serial_bayou_lagoon_a, serial_bayou_ford_a,
          serial_bayou_shore_b, serial_bayou_pond_d,
          shapermc_ecumenical_altar_acropolis
D:2:      layout_basic, basic_altar, uniq_natasha, uniq_jessica
D:3:      layout_loops_ring, minmay_distorted
D:4:      layout_loops_ring, minmay_temple_entry_ruins, uniq_sigmund
D:5:      layout_basic, mainiacjoe_overflow_catwalk,
          mainiacjoe_overflow_alcove_3, ebering_ghost_gozag
D:6:      cheibrodos_quashed, layout_basic, mainiacjoe_overflow_paths,
          kennysheep_generic_room_10, uniq_menkaure
Temple:   nicolae_temple_figure_zero

Skill      XL: |  1  2  3  4  5  6  7  8  9 |
---------------+----------------------------+-----
Armour         | 1 2 |  2.0
Ranged Weapons | 4 5 6 7 |  7.3
Fighting       | 3 4 5 |  5.1
Dodging        | 3 4 5 |  5.0
Invocations    | 2 4 |  4.0
Stealth        | |  0.7

Action                     |  1- 3 |  4- 6 |  7- 9 || total
---------------------------+-------+-------+-------++-------
   Fire: Shortbow          |    76 |   124 |    61 ||   261
         Orcbow            |       |       |    87 ||    87
 Invoke: Heroism           |       |       |     2 ||     2
    Use: Scroll            |     4 |     5 |     2 ||    11
         Potion            |       |     4 |       ||     4
 Armour: Leather armour    |     9 |       |       ||     9
         Ring mail         |    10 |    32 |    63 ||   105
  Dodge: Dodged            |    13 |    28 |    50 ||    91
  Block: Other             |       |     5 |    19 ||    24
         Reflection        |       |     1 |     1 ||     2

Table legend:
 A = Non-vault XP
 B = Vault XP
 C = Vault XP percentage of total XP
 D = Non-vault monster count
 E = Vault monster count
 F = Vault count percentage of total count
                 A         B        C        D         E       F
            +---------+---------+-------+---------+---------+-------
      Total |    1898 |     499 |  20.8 |      95 |       5 |   5.0
            +---------+---------+-------+---------+---------+-------
        D:1 |      30 |       0 |   0.0 |      18 |       0 |   0.0
        D:2 |      77 |      72 |  48.3 |      21 |       2 |   8.7
        D:3 |      51 |       1 |   1.9 |      17 |       1 |   5.6
        D:4 |     119 |     243 |  67.1 |      11 |       1 |   8.3
        D:5 |    1249 |       0 |   0.0 |      21 |       0 |   0.0
        D:6 |     372 |     183 |  33.0 |       7 |       1 |  12.5
            +---------+---------+-------+---------+---------+-------
